[Event "Titled Tuesday Blitz February 21 Early 2023"]
[White "Von Buelow, Georg"]
[Black "Jovic, Stanoje"]
[WhiteFideId "4620658"]
[BlackFideId "905020"]
[WhiteElo "2345"]
[BlackElo "2075"]
[Result "0-1"]
[Round "06"]
[TimeControl "180+2"]
[Date "2023.02.21"]
[WhiteClock "0:01:57"]
[BlackClock "0:02:51"]

1. e4 c6 2. d4 d5 3. e5 c5 4. dxc5 e6 5. a3 Bxc5 6. b4 Bb6 7. Bb2 Ne7 8. Nf3 Nbc6 9. Bd3 Ng6 10. O-O O-O 11. Re1 f6 12. exf6 gxf6 13. c4 dxc4 14. Bxc4 Qxd1 15. Rxd1 Kg7 16. Nc3 e5 17. Na4 Bg4 18. Nxb6 axb6 19. Be2 Nf4 0-1


[Site "https://www.chess.com"]

[Event "Titled Tuesday Blitz February 21 Early 2023"]
[White "tandercat"]
[Black "Babikov, Ivan"]
[BlackFideId "4161106"]
[WhiteElo "1859"]
[BlackElo "2239"]
[Result "0-1"]
[Round "06"]
[TimeControl "180+2"]
[Date "2023.02.21"]
[WhiteClock "0:00:03"]
[BlackClock "0:01:32"]

1. d4 d5 2. c4 dxc4 3. e4 Nf6 4. e5 Nd5 5. Bxc4 Nc6 6. Nc3 Nxc3 7. bxc3 Bf5 8. Nf3 e6 9. O-O Be7 10. h3 O-O 11. Bd3 Bg6 12. Rb1 Rb8 13. Qc2 b5 14. Bxg6 hxg6 15. Rd1 b4 16. c4 Qc8 17. Be3 Rd8 18. d5 Na5 19. Rd4 Bc5 20. Rg4 Bxe3 21. fxe3 exd5 22. Ng5 Qf5 23. Qa4 Qxb1+ 24. Kh2 Nxc4 0-1


[Site "https://www.chess.com"]

[Event "Titled Tuesday Blitz February 21 Early 2023"]
[White "Petrova, Irina"]
[Black "Fries-Nielsen, Jens Ove"]
[WhiteFideId "14124122"]
[BlackFideId "1400142"]
[WhiteElo "2108"]
[BlackElo "2377"]
[Result "1-0"]
[Round "06"]
[TimeControl "180+2"]
[Date "2023.02.21"]
[WhiteClock "0:00:12"]
[BlackClock "0:02:10"]

1. e4 e5 2. Nf3 Nc6 3. Bc4 d6 4. d3 Bg4 5. c3 Nf6 6. Nbd2 Be7 7. h3 Be6 8. O-O O-O 9. Re1 Bxc4 10. Nxc4 Nd7 11. Ne3 g6 12. d4 Bf6 13. d5 Ne7 14. Ng4 Bg7 15. c4 f5 16. exf5 gxf5 17. Nh6+ Bxh6 18. Bxh6 Rf6 19. Bg5 Rg6 20. Qd2 Qf8 21. b4 h6 22. Bxe7 Qxe7 23. c5 Kh7 24. cxd6 cxd6 25. Rac1 Rag8 26. g3 f4 27. g4 Rxg4+ 28. hxg4 Rxg4+ 29. Kf1 Nf6 30. Qc2+ Rg6 31. Qc7 Nd7 32. Ke2 e4 33. Nd4 f3+ 34. Kd2 Rg5 35. Nxf3 Rxd5+ 36. Kc2 Qf7 37. Nd2 Rd4 38. Nb3 Qxf2+ 39. Kb1 1-0


[Site "https://www.chess.com"]

[Event "Titled Tuesday Blitz February 21 Early 2023"]
[White "Malka, Samuel"]
[Black "Fajdetic, Hrvoje"]
[WhiteFideId "20643675"]
[BlackFideId "14501945"]
[WhiteElo "2165"]
[BlackElo "2151"]
[Result "0-1"]
[Round "06"]
[TimeControl "180+2"]
[Date "2023.02.21"]
[WhiteClock "0:00:19"]
[BlackClock "0:00:08"]

1. d4 Nf6 2. c4 e5 3. dxe5 Ng4 4. e3 Nxe5 5. f4 Nec6 6. Nf3 a5 7. Bd3 Bc5 8. O-O d6 9. Nc3 Bg4 10. Ne4 Ba7 11. h3 Bxf3 12. Qxf3 Nd7 13. b3 Nf6 14. Bb2 Nxe4 15. Bxe4 O-O 16. Qh5 h6 17. Qg4 Bxe3+ 18. Kh1 Bd4 19. Bxd4 Nxd4 20. Bxb7 Rb8 21. Bd5 Nc2 22. Rad1 Ne3 23. Qf3 Nxf1 24. Rxf1 a4 25. f5 Qf6 26. Qd3 axb3 27. axb3 Rfe8 28. Bc6 Re5 29. Bd5 Rbe8 30. Bc6 Re3 31. Qc2 Re1 32. Qf2 Rxf1+ 33. Qxf1 Re3 34. Qf4 Qa1+ 35. Kh2 Qe5 36. Qxe5 dxe5 37. b4 Kf8 38. b5 Ke7 39. Bd5 f6 40. Kg1 Kd6 41. Be6 Kc5 42. Kf2 Rc3 43. Ke2 Rxc4 44. Bd7 Rb4 45. Ke3 Rxb5 46. Be6 Rb4 47. Kd3 Rd4+ 48. Ke3 Kd6 49. Bg8 c5 50. Ke2 c4 51. Ke3 Kc5 52. Ke2 Kb4 53. Ke3 c3 54. Bh7 c2 55. Kf3 c1=Q 56. Kg3 Qe3+ 57. Kh2 Qf4+ 0-1


[Site "https://www.chess.com"]

[Event "Titled Tuesday Blitz February 21 Early 2023"]
[White "Jimenez Jimenez, Leandro"]
[Black "Yeritsyan, Hayk"]
[WhiteFideId "6415253"]
[BlackFideId "13307320"]
[WhiteElo "2146"]
[BlackElo "2241"]
[Result "0-1"]
[Round "06"]
[TimeControl "180+2"]
[Date "2023.02.21"]
[WhiteClock "0:00:07"]
[BlackClock "0:00:04"]

1. d4 d5 2. c4 c6 3. cxd5 cxd5 4. Nc3 Nf6 5. Nf3 Nc6 6. Bf4 Bf5 7. Rc1 e6 8. Qb3 Bb4 9. Ne5 Qb6 10. e3 O-O 11. Be2 Na5 12. Qa4 Rac8 13. O-O a6 14. Bg5 Bxc3 15. bxc3 Rfd8 16. c4 Nxc4 17. Nxc4 dxc4 18. Bxc4 Rc7 19. Bb3 Rdc8 20. Rxc7 Qxc7 21. Bf4 Qd7 22. Qa5 h6 23. h3 Nd5 24. Be5 Nf6 25. f3 Bd3 26. Rd1 Bc4 27. Qb4 Bxb3 28. Qxb3 Qd5 29. Qb2 Nd7 30. Bg3 Qc6 31. Rb1 b5 32. Bf2 Nb6 33. Rd1 Nc4 34. Qb3 Na5 35. Qd3 Nc4 36. e4 Rd8 37. Qb3 Nb6 38. d5 exd5 39. Qe3 Nc4 40. Qd4 Rd7 41. exd5 Qf6 42. Qxf6 gxf6 43. d6 Rxd6 44. Re1 Re6 45. Rd1 Re2 46. Rd8+ Kg7 47. a4 bxa4 48. Rc8 Ne5 49. Ra8 a3 50. Bd4 a2 51. Rxa6 Nd3 52. Bxf6+ Kg8 53. h4 Kh7 54. h5 Nf4 55. Ra8 Nxh5 56. Rh8+ Kg6 57. Be5 f6 58. Bd4 Ng7 59. Ra8 Rd2 60. Bc3 Rc2 61. Bd4 Nf5 62. Bxf6 Kxf6 63. Ra6+ Kg5 64. g4 Nh4 65. Ra5+ Kf4 66. Ra4+ Kg3 67. Kf1 Nxf3 68. Ra3 Rf2# 0-1


[Site "https://www.chess.com"]

[Event "Titled Tuesday Blitz February 21 Early 2023"]
[White "Gamage, Wanshini Vidusama"]
[Black "Papayan, Oleg"]
[WhiteFideId "9953752"]
[BlackFideId "4193911"]
[WhiteElo "1089"]
[BlackElo "2253"]
[Result "0-1"]
[Round "06"]
[TimeControl "180+2"]
[Date "2023.02.21"]
[WhiteClock "0:01:08"]
[BlackClock "0:02:20"]

1. e4 d5 2. exd5 Qxd5 3. Nc3 Qd8 4. d4 c6 5. Nf3 Bf5 6. Bc4 e6 7. O-O Nd7 8. Re1 Be7 9. a4 a5 10. Bf4 Ngf6 11. Nh4 Bg4 12. f3 Bh5 13. g4 Bg6 14. Qe2 Nb6 15. Bb3 Nxg4 16. Nxg6 Qxd4+ 17. Be3 Nxe3 18. Qxe3 Qxe3+ 19. Rxe3 hxg6 20. Rd1 Bc5 0-1


[Site "https://www.chess.com"]

[Event "Titled Tuesday Blitz February 21 Early 2023"]
[White "Prudnykova, Olga"]
[Black "Gatterer, Florian"]
[WhiteFideId "14121093"]
[BlackFideId "811688"]
[WhiteElo "2268"]
[BlackElo "2170"]
[Result "1/2-1/2"]
[Round "06"]
[TimeControl "180+2"]
[Date "2023.02.21"]
[WhiteClock "0:02:16"]
[BlackClock "0:02:48"]

1. e4 c6 2. d4 d5 3. exd5 cxd5 4. c4 Nf6 5. Nc3 Nc6 6. Nf3 a6 7. Bg5 Be6 8. a3 g6 9. Bxf6 exf6 10. c5 Bg4 11. Be2 Bg7 12. h3 Bxf3 13. Bxf3 f5 1/2-1/2


[Site "https://www.chess.com"]

[Event "Titled Tuesday Blitz February 21 Early 2023"]
[White "Levitan, Caleb Levi"]
[Black "Shubenkova, Veronika"]
[WhiteFideId "14332620"]
[BlackFideId "44124040"]
[WhiteElo "2129"]
[BlackElo "1960"]
[Result "0-1"]
[Round "06"]
[TimeControl "180+2"]
[Date "2023.02.21"]
[WhiteClock "0:00:06"]
[BlackClock "0:02:24"]

1. e4 e6 2. d4 d5 3. Nc3 Nf6 4. e5 Nfd7 5. f4 c5 6. Nf3 Nc6 7. Be3 cxd4 8. Nxd4 a6 9. Qd2 Bc5 10. O-O-O Nxd4 11. Bxd4 b6 12. Be2 Bb7 13. g4 Qc7 14. Bf3 O-O-O 15. Na4 Bxd4 16. Qxd4 b5 17. Nc3 Nb6 18. Kb1 Kb8 19. f5 Rd7 20. fxe6 fxe6 21. Rhf1 Rc8 22. Rd3 Nc4 23. Bg2 Nxe5 24. Re1 Nxd3 25. cxd3 Rd6 26. g5 Qc5 27. Qf4 Ka8 28. Bh3 d4 29. Ne2 Qc2+ 30. Ka1 Rdc6 31. a3 Qxd3 32. Nxd4 Rc4 0-1


[Site "https://www.chess.com"]

[Event "Titled Tuesday Blitz February 21 Early 2023"]
[White "Jiganchine, Roman"]
[Black "Mayaud, Raphael"]
[WhiteFideId "2603667"]
[BlackFideId "627151"]
[WhiteElo "2205"]
[BlackElo "2201"]
[Result "0-1"]
[Round "06"]
[TimeControl "180+2"]
[Date "2023.02.21"]
[WhiteClock "0:00:37"]
[BlackClock "0:00:24"]

1. e4 c5 2. Nf3 e6 3. g3 a6 4. Bg2 b5 5. a4 b4 6. O-O Bb7 7. d4 cxd4 8. Nxd4 Ne7 9. Nd2 Nbc6 10. N2b3 Nxd4 11. Nxd4 Nc6 12. Nb3 Na5 13. Bf4 Be7 14. Nxa5 Qxa5 15. Bd6 Qb6 16. Bxe7 Kxe7 17. a5 Qc6 18. Qd4 f6 19. Qxb4+ Kf7 20. Rfd1 Rhd8 21. Rd6 Qc7 22. Ra3 Bc6 23. Rad3 Rab8 24. Qa3 Rb5 25. b4 Re5 26. Rc3 Qxd6 27. h4 h5 28. Kh2 Bxe4 29. Bxe4 Rxe4 30. Rd3 Rd4 31. Rxd4 Qxd4 0-1


[Site "https://www.chess.com"]

[Event "Titled Tuesday Blitz February 21 Early 2023"]
[White "Buscar, Michael"]
[Black "Rosenberg, Evan S"]
[WhiteFideId "2603616"]
[BlackFideId "2019299"]
[WhiteElo "2041"]
[BlackElo "1956"]
[Result "0-1"]
[Round "06"]
[TimeControl "180+2"]
[Date "2023.02.21"]
[WhiteClock "0:00:37"]
[BlackClock "0:01:07"]

1. e4 e5 2. Nf3 Nc6 3. Bc4 Nf6 4. Nc3 Nxe4 5. Bxf7+ Kxf7 6. Nxe4 d5 7. Neg5+ Kg8 8. h4 e4 9. Ng1 h6 10. N5h3 Qxh4 11. d3 Bc5 12. Bf4 Bxh3 13. Nxh3 e3 14. Qf3 exf2+ 15. Kd2 Qd8 16. Nxf2 Bxf2 17. Qxf2 Qd7 18. Raf1 Rf8 19. Qc5 Kh7 20. Rh5 Qg4 21. Bxh6 Rxf1 0-1


[Site "https://www.chess.com"]

[Event "Titled Tuesday Blitz February 21 Early 2023"]
[White "Lerch, Philipp"]
[Black "SicilianPanzer"]
[WhiteFideId "4654129"]
[WhiteElo "2305"]
[BlackElo "2254"]
[Result "1-0"]
[Round "06"]
[TimeControl "180+2"]
[Date "2023.02.21"]
[WhiteClock "0:00:09"]
[BlackClock "0:00:02"]

1. b3 Nf6 2. Bb2 d6 3. g3 Nbd7 4. Bg2 g6 5. c4 Bg7 6. d3 O-O 7. Nf3 e5 8. O-O c6 9. Nbd2 a5 10. a3 Qe7 11. Qc2 Re8 12. Rfd1 Nc5 13. Rac1 Bf5 14. Nh4 Bg4 15. Nf1 Qd7 16. Ne3 Bh3 17. d4 exd4 18. Bxd4 Nce4 19. Bb2 Bxg2 20. Nhxg2 Rad8 21. f3 Ng5 22. Bc3 a4 23. bxa4 h5 24. Qb2 Re6 25. Nf4 Rxe3 26. Bxf6 Bxf6 27. Qxf6 Qe7 28. Qxe7 Rxe7 29. c5 d5 30. Kf2 Ra8 31. Rd4 Nh7 32. e4 Nf6 33. Re1 dxe4 34. fxe4 Nd7 35. Nd3 Ne5 36. Nxe5 Rxe5 37. Rc1 Ra5 38. Rb4 Kg7 39. Rxb7 Rxa4 40. Rc7 Rexe4 41. Rxc6 Rxa3 42. Rc2 Re8 43. Rc7 Raa8 44. c6 Rac8 45. Rd7 Kf6 46. c7 Ke6 47. Rd3 Kf6 48. Rc6+ Kg7 49. Rd7 Re5 50. Rb6 Rf5+ 51. Ke3 Rc5 52. Rb7 Rc6 53. Kd4 h4 54. gxh4 Rc1 55. Ke5 Rc5+ 56. Kd6 Rc1 57. Rb8 Rd1+ 58. Kc6 Rc1+ 59. Kb7 R8xc7+ 60. Rxc7 Rxc7+ 61. Kxc7 1-0


[Site "https://www.chess.com"]

[Event "Titled Tuesday Blitz February 21 Early 2023"]
[White "Ziatdinov, Raset"]
[Black "Ciuffoletti, Paolo"]
[WhiteFideId "2015323"]
[BlackFideId "807630"]
[WhiteElo "2101"]
[BlackElo "2106"]
[Result "1-0"]
[Round "06"]
[TimeControl "180+2"]
[Date "2023.02.21"]
[WhiteClock "0:00:36"]
[BlackClock "0:00:04"]

1. e4 c5 2. Nc3 Nc6 3. g3 g6 4. Bg2 Bg7 5. f4 d6 6. Nf3 e6 7. O-O Nge7 8. d3 Rb8 9. Be3 Nd4 10. Qd2 b6 11. Rae1 Bb7 12. Nh4 O-O 13. Nd1 f5 14. c3 Nb5 15. Nf3 fxe4 16. Ng5 Nc7 17. dxe4 d5 18. e5 Nf5 19. Bf2 Ba6 20. g4 Bxf1 21. Rxf1 Ne7 22. Bg3 d4 23. c4 b5 24. b3 bxc4 25. bxc4 Rb1 26. h4 Qb8 27. Be4 Qb4 28. Qh2 Ra1 29. h5 h6 30. hxg6 Qa3 31. Bf2 Rxa2 32. Nf7 Rxf7 33. gxf7+ Kxf7 34. f5 exf5 35. gxf5 Re2 36. e6+ Kg8 37. Qg2 Ne8 38. Bf3 Re5 39. Bh5 Nf6 40. Bf7+ Kh8 41. Bh4 Rxf5 42. Rxf5 Nxf5 43. Bxf6 1-0


[Site "https://www.chess.com"]

[Event "Titled Tuesday Blitz February 21 Early 2023"]
[White "Decoster, Frederic"]
[Black "Topalov, Aleksandar"]
[WhiteFideId "204269"]
[BlackFideId "925659"]
[WhiteElo "2301"]
[BlackElo "2233"]
[Result "1/2-1/2"]
[Round "06"]
[TimeControl "180+2"]
[Date "2023.02.21"]
[WhiteClock "0:00:22"]
[BlackClock "0:00:13"]

1. e4 e6 2. d4 d5 3. e5 Ne7 4. Nf3 Qd7 5. Be2 b6 6. O-O Ba6 7. Bxa6 Nxa6 8. a4 c5 9. a5 b5 10. dxc5 Nxc5 11. Nd4 a6 12. Nd2 h5 13. b3 Nc6 14. N2f3 Be7 15. Re1 Nxd4 16. Qxd4 g6 17. c4 dxc4 18. Qxd7+ Nxd7 19. bxc4 bxc4 20. Be3 Bc5 21. Ra4 Bxe3 22. Rxe3 Rc8 23. Rc3 O-O 24. Raxc4 Rxc4 25. Rxc4 Rb8 26. h3 Rb5 27. Ra4 Nxe5 28. Nd4 Rd5 29. f3 Nd3 30. Nc6 Kg7 31. Nb8 Rd6 32. Kf1 g5 33. h4 f6 34. hxg5 fxg5 35. g3 Ne5 36. f4 gxf4 37. Rxf4 Rd5 38. Nxa6 Rxa5 39. Nc7 Ra1+ 40. Kg2 Ra2+ 41. Kf1 Ng4 42. Nxe6+ Kg6 43. Nd4 Ne3+ 44. Kg1 Rg2+ 45. Kh1 Rxg3 46. Rf3 Rxf3 47. Nxf3 Kf5 48. Kh2 Kf4 49. Nh4 Kg4 50. Ng6 Nf5 51. Kg2 Kg5 52. Ne5 h4 53. Nf3+ Kg4 54. Nxh4 1/2-1/2


[Site "https://www.chess.com"]

[Event "Titled Tuesday Blitz February 21 Early 2023"]
[White "Matveeva, Olga"]
[Black "Michalski, Olaf"]
[WhiteFideId "24107018"]
[BlackFideId "1106740"]
[WhiteElo "2128"]
[BlackElo "2273"]
[Result "1-0"]
[Round "06"]
[TimeControl "180+2"]
[Date "2023.02.21"]
[WhiteClock "0:00:35"]
[BlackClock "0:00:01"]

1. d4 d6 2. Nf3 g6 3. c4 Bg7 4. g3 Nf6 5. Bg2 O-O 6. O-O c6 7. Nc3 Qa5 8. e4 Qh5 9. Qd3 h6 10. Re1 Bh3 11. Bh1 e5 12. Bd2 Nbd7 13. b4 exd4 14. Nxd4 Ne5 15. Qc2 Nxc4 16. Nce2 Nxd2 17. Nf4 Qg4 18. Qxd2 Qd7 19. Nxh3 Qxh3 20. Bg2 Qd7 21. Rad1 Rad8 22. Nb3 Rfe8 23. h3 Qc7 24. Qc2 Nd7 25. b5 Qb6 26. bxc6 bxc6 27. Rxd6 Ne5 28. Red1 Rxd6 29. Rxd6 Rd8 30. Rxd8+ Qxd8 31. Kh2 1-0


[Site "https://www.chess.com"]

[Event "Titled Tuesday Blitz February 21 Early 2023"]
[White "Zochowski, Kacper"]
[Black "Kiselev, Pavel"]
[WhiteFideId "1125494"]
[BlackFideId "4191102"]
[WhiteElo "2262"]
[BlackElo "2245"]
[Result "0-1"]
[Round "06"]
[TimeControl "180+2"]
[Date "2023.02.21"]
[WhiteClock "0:01:23"]
[BlackClock "0:01:48"]

1. d4 Nf6 2. c4 e6 3. Nc3 Bb4 4. Qc2 c5 5. e3 O-O 6. Nf3 Na6 7. Bd3 h6 8. O-O b6 9. Bd2 Bb7 10. e4 cxd4 11. Nxd4 d6 12. Ndb5 Nc5 13. a3 Bxc3 14. Nxc3 Rc8 15. Kh1 Nxd3 16. Qxd3 Qc7 17. b3 Qc6 18. f3 d5 19. cxd5 exd5 20. e5 Nd7 21. f4 d4 0-1


[Site "https://www.chess.com"]

[Event "Titled Tuesday Blitz February 21 Early 2023"]
[White "Kohler, Aran"]
[Black "Shuvalov, Evgenij"]
[WhiteFideId "1002856"]
[BlackFideId "4187237"]
[WhiteElo "2010"]
[BlackElo "2038"]
[Result "0-1"]
[Round "06"]
[TimeControl "180+2"]
[Date "2023.02.21"]
[WhiteClock "0:00:17"]
[BlackClock "0:01:03"]

1. Nf3 Nf6 2. d4 g6 3. Bg5 Bg7 4. Nbd2 d5 5. e3 O-O 6. Bd3 b6 7. c3 Bb7 8. h4 Nbd7 9. h5 Nxh5 10. Rxh5 gxh5 11. Nh4 Qe8 12. Qxh5 f5 13. Qxe8 Raxe8 14. Nxf5 e5 15. Nxg7 Kxg7 16. Bb5 c6 17. Be2 e4 18. Bf4 Nf6 19. Be5 Kg6 20. f4 Bc8 21. Bxf6 Kxf6 22. g4 Rg8 23. g5+ Ke7 24. Bh5 Ref8 25. Ke2 Bf5 26. Rg1 Kd6 27. Bg4 h6 28. Bh5 hxg5 29. fxg5 Rh8 30. Bg4 Rh2+ 31. Ke1 Bxg4 32. Rxg4 Rff2 33. Nf1 Rhg2 34. g6 Rxf1+ 0-1


[Site "https://www.chess.com"]

[Event "Titled Tuesday Blitz February 21 Early 2023"]
[White "Bambino Filho, Antonio Carlos"]
[Black "Burke, John F"]
[WhiteFideId "2113163"]
[BlackFideId "2052970"]
[WhiteElo "2144"]
[BlackElo "2013"]
[Result "1-0"]
[Round "06"]
[TimeControl "180+2"]
[Date "2023.02.21"]
[WhiteClock "0:00:48"]
[BlackClock "0:00:39"]

1. e4 c5 2. Nf3 Nc6 3. d4 cxd4 4. Nxd4 e6 5. Nc3 Qc7 6. Be3 a6 7. Qf3 Nf6 8. Qg3 Qxg3 9. hxg3 d6 10. Be2 Be7 11. g4 Nxd4 12. Bxd4 b5 13. g5 Nd7 14. f4 e5 15. Be3 exf4 16. Bxf4 Ne5 17. Nd5 Bd8 18. O-O-O Be6 19. Ne3 Ng6 20. g3 Rc8 21. Nf5 Bxf5 22. exf5 Nxf4 23. gxf4 Bb6 24. Rh3 Bc5 25. Rdh1 Kd7 26. Bd3 Rce8 27. Kd1 Be3 28. Rxh7 Rxh7 29. Rxh7 Bxf4 30. Rxg7 Rf8 31. a4 Kc6 32. axb5+ axb5 33. Ke2 Be5 34. Rh7 Bxb2 35. Kf3 Bc1 36. Kg4 b4 37. g6 fxg6 38. fxg6 Rf4+ 39. Kg3 Rf8 40. Kg4 Kc5 41. Rc7+ Kd5 42. g7 Rf2 43. g8=Q+ 1-0


[Site "https://www.chess.com"]

[Event "Titled Tuesday Blitz February 21 Early 2023"]
[White "Heinemann, Josefine"]
[Black "Thomas, Anysia"]
[WhiteFideId "12900460"]
[BlackFideId "670472"]
[WhiteElo "2289"]
[BlackElo "2147"]
[Result "1-0"]
[Round "06"]
[TimeControl "180+2"]
[Date "2023.02.21"]
[WhiteClock "0:00:28"]
[BlackClock "0:00:01"]

1. e4 c5 2. Nf3 g6 3. c3 d5 4. exd5 Qxd5 5. d4 Bg7 6. Nbd2 cxd4 7. Bc4 Qd8 8. Nxd4 Nh6 9. O-O O-O 10. N2f3 Nf5 11. Re1 Qc7 12. Bb3 a6 13. Qe2 Nc6 14. Nxc6 Qxc6 15. Bf4 b5 16. Rad1 Bb7 17. Bd5 Qc8 18. Qe4 Bxd5 19. Rxd5 e6 20. Rd2 Rd8 21. Red1 Rxd2 22. Rxd2 Qe8 23. Bc7 Rc8 24. Qb7 Bf6 25. h3 Ne7 26. Bg3 Nd5 27. Qxa6 Ra8 28. Qb7 Rxa2 29. Kh2 Ra8 30. Ne5 Qc8 31. Qxf7+ Kh8 32. Rxd5 Bxe5 33. Bxe5# 1-0


[Site "https://www.chess.com"]

[Event "Titled Tuesday Blitz February 21 Early 2023"]
[White "Mushini Ajay"]
[Black "Tarnowska, Aleksandra"]
[WhiteFideId "35066188"]
[BlackFideId "1180967"]
[WhiteElo "2310"]
[BlackElo "1835"]
[Result "1/2-1/2"]
[Round "06"]
[TimeControl "180+2"]
[Date "2023.02.21"]
[WhiteClock "0:00:14"]
[BlackClock "0:00:06"]

1. e4 c5 2. d4 cxd4 3. c3 d5 4. exd5 Qxd5 5. cxd4 e6 6. Nc3 Qd6 7. Nf3 Nf6 8. Bd3 Be7 9. O-O O-O 10. Bg5 Bd7 11. Re1 Bc6 12. Nb5 Bxb5 13. Bxb5 Nc6 14. a3 h6 15. Bh4 Rfd8 16. Bg3 Qd5 17. Bxc6 Qxc6 18. Rc1 Qb5 19. b4 Rac8 20. Qb3 Nd5 21. Ne5 Bf6 22. h4 a5 23. Nc4 axb4 24. Nd6 Rxc1 25. Rxc1 Qb6 26. Nc4 Qxd4 27. axb4 Rc8 28. b5 Nb6 29. Qf3 Rxc4 30. Rd1 Qc5 31. Qxb7 Rc1 32. Rxc1 Qxc1+ 33. Kh2 Nd5 34. b6 Qb1 35. Qb8+ Kh7 36. b7 Qb6 37. Qc8 Ne7 38. b8=Q Nxc8 39. Qxc8 Qb5 40. Qc2+ Qf5 41. Qc7 Kg6 42. Qc1 Kh7 43. Qc7 Qg6 44. Kg1 Qg4 45. Qxf7 Bxh4 46. Bxh4 Qxh4 47. Qxe6 Qg5 48. Qe4+ Qg6 49. Qe2 Qf6 50. g3 Qg6 51. Kg2 Qf5 52. f4 Qg6 53. g4 Qc6+ 54. Kg3 Qc3+ 55. Kh4 Qf6+ 56. Kg3 Qc3+ 57. Qf3 Qe1+ 58. Kh3 Qg1 59. Qd3+ Kh8 60. Qd8+ Kh7 61. Qd3+ Kh8 62. Qf3 Kh7 63. f5 Qe1 64. f6 gxf6 65. Qxf6 Qe3+ 66. Kh4 Qe1+ 67. Kh3 Qe3+ 68. Kh4 Qe1+ 69. Kh3 1/2-1/2


[Site "https://www.chess.com"]

[Event "Titled Tuesday Blitz February 21 Early 2023"]
[White "Kuchava, Ana"]
[Black "Begunov, Konstantin"]
[WhiteFideId "13605348"]
[BlackFideId "4118510"]
[WhiteElo "2101"]
[BlackElo "2325"]
[Result "0-1"]
[Round "06"]
[TimeControl "180+2"]
[Date "2023.02.21"]
[WhiteClock "0:01:29"]
[BlackClock "0:01:59"]

1. d4 d5 2. c4 c6 3. Nf3 Nf6 4. Qb3 e6 5. Bg5 Be7 6. e3 O-O 7. Nc3 Nbd7 8. Bd3 dxc4 9. Bxc4 b5 10. Bd3 a6 11. O-O c5 12. Rac1 c4 13. Bxc4 bxc4 14. Qxc4 Bb7 15. Qe2 Ne4 16. Bxe7 Qxe7 17. h3 Rfc8 18. a3 Nxc3 19. Rxc3 Rxc3 20. bxc3 Qxa3 21. Rb1 Be4 22. Rb2 Qxc3 23. Ne5 Nxe5 24. dxe5 Qxe5 25. Qd2 h6 0-1


[Site "https://www.chess.com"]

[Event "Titled Tuesday Blitz February 21 Early 2023"]
[White "Kiseljova, Marya"]
[Black "Buganca, Luiz Henrique Da Silva"]
[WhiteFideId "4155009"]
[BlackFideId "2182289"]
[WhiteElo "2031"]
[BlackElo "1920"]
[Result "1-0"]
[Round "06"]
[TimeControl "180+2"]
[Date "2023.02.21"]
[WhiteClock "0:00:15"]
[BlackClock "0:00:24"]

1. d4 Nf6 2. c4 e6 3. Nf3 b6 4. Bf4 Bb7 5. e3 Bb4+ 6. Nbd2 O-O 7. a3 Be7 8. Bd3 d6 9. O-O Nbd7 10. b4 c5 11. h3 Rc8 12. Rc1 Qc7 13. dxc5 bxc5 14. Bb1 e5 15. Bg5 h6 16. Bxf6 Nxf6 17. Qc2 Rfd8 18. Rfd1 Qb6 19. Qb2 cxb4 20. axb4 a5 21. b5 g6 22. Nb3 Ne4 23. Nfd2 Nxd2 24. Nxd2 f5 25. g4 f4 26. exf4 Rf8 27. f5 gxf5 28. Bxf5 Rxf5 29. gxf5 Kh8 30. Kf1 Rg8 31. Rc3 Bh4 32. Nf3 Bf6 33. Ke1 e4 34. Nd2 Be5 35. Qc2 Rg1+ 36. Ke2 Rg2 37. Re3 Bd4 38. Kf1 Rxf2+ 39. Kxf2 Bxe3+ 40. Ke2 Bg5 41. Qc3+ Kh7 42. Rf1 Qc5 43. f6 e3 44. Qd3+ Kg8 45. Nf3 Bxf3+ 46. Rxf3 Qe5 47. Qg6+ Kf8 48. Qg7+ Ke8 49. Qe7+ Qxe7 50. fxe7 Kxe7 51. b6 Kd7 52. b7 Kc7 53. Rf7+ Kb8 54. Kd3 a4 55. h4 Bxh4 56. Kxe3 Bg5+ 57. Kd4 a3 58. Kc3 a2 59. Kb2 Be3 60. Kxa2 Bc5 61. Kb3 h5 62. Kc3 h4 63. Kd3 h3 64. Ke2 h2 65. Rh7 Bg1 66. Kf3 Bc5 67. Ke4 h1=Q+ 68. Rxh1 Kxb7 69. Kd5 Kb6 70. Rh7 Ka5 71. Kc6 Kb4 72. Rh4 Kc3 73. Kd5 Kb4 74. Rh1 Ka4 75. Rb1 Ka3 76. Ke4 Ka2 77. Rb7 Ka3 78. Kd3 Ka4 79. Kc3 Ka5 80. Rb5+ Ka6 81. Kd3 Ka7 82. Ke4 Ka6 83. Kd5 Ka7 84. Rxc5 dxc5 85. Kxc5 Kb8 86. Kb6 Kc8 87. Kc6 Kb8 88. Kd7 Kb7 89. c5 1-0


[Site "https://www.chess.com"]

[Event "Titled Tuesday Blitz February 21 Early 2023"]
[White "Delgado Rosas, Fatima Alexandra"]
[Black "babbilator"]
[WhiteFideId "6603963"]
[WhiteElo "1500"]
[BlackElo "2129"]
[Result "1-0"]
[Round "06"]
[TimeControl "180+2"]
[Date "2023.02.21"]
[WhiteClock "0:01:02"]
[BlackClock "0:00:28"]

1. d4 Nf6 2. c4 e6 3. Nc3 Bb4 4. e3 c5 5. Bd3 cxd4 6. exd4 d5 7. Ne2 dxc4 8. Bxc4 O-O 9. O-O Nbd7 10. Bg5 Nb6 11. Bb3 Be7 12. Rc1 Bd7 13. Nf4 Bc6 14. Qe2 Qd6 15. Rfd1 Rfd8 16. Nd3 Nbd5 17. Ne5 Rac8 18. h3 Nxc3 19. bxc3 Nd5 20. Bxe7 Qxe7 21. c4 Nf4 22. Qg4 Qf6 23. Nxc6 bxc6 24. g3 Ng6 25. Kg2 Rd6 26. Rd2 Rcd8 27. Rcd1 e5 28. dxe5 Nxe5 29. Rxd6 Rxd6 30. Qc8+ 1-0


[Site "https://www.chess.com"]

[Event "Titled Tuesday Blitz February 21 Early 2023"]
[White "mohsengabr2002"]
[Black "Winkels, Marcel"]
[BlackFideId "1003887"]
[WhiteElo "2324"]
[BlackElo "1960"]
[Result "1-0"]
[Round "06"]
[TimeControl "180+2"]
[Date "2023.02.21"]
[WhiteClock "0:00:48"]
[BlackClock "0:00:03"]

1. g3 Nf6 2. f3 g6 3. Nh3 Bg7 4. e3 O-O 5. Nf2 d6 6. Bg2 c5 7. O-O Nc6 8. d3 e5 9. c3 Be6 10. a4 Rb8 11. Na3 a6 12. e4 b5 13. axb5 axb5 14. f4 b4 15. Nc2 Bb3 16. Qd2 bxc3 17. bxc3 Qd7 18. f5 c4 19. g4 h6 20. h4 cxd3 21. Qxd3 Rfc8 22. g5 hxg5 23. hxg5 Nh5 24. f6 Bf8 25. Ne3 Be6 26. Nd5 Na7 27. Bf3 Ng3 28. Kg2 Nxf1 29. Qxf1 Bxd5 30. exd5 Nb5 31. Bg4 Qc7 32. Bxc8 Rxc8 33. Qxb5 Qxc3 34. Qb2 Qc4 35. Qd2 e4 36. Bb2 Rc5 37. Rd1 Qb3 38. Bd4 Rc2 39. Qe3 Qa2 40. Ra1 Qc4 41. Ra8 Re2 42. Qc3 Qxc3 43. Bxc3 e3 44. Kf3 Rxf2+ 45. Kxe3 Rc2 46. Bb4 Rc4 47. Bxd6 1-0


[Site "https://www.chess.com"]

[Event "Titled Tuesday Blitz February 21 Early 2023"]
[White "rikchessmx"]
[Black "Osuna Vega, Enrique"]
[BlackFideId "2219549"]
[WhiteElo "2351"]
[BlackElo "2061"]
[Result "1-0"]
[Round "06"]
[TimeControl "180+2"]
[Date "2023.02.21"]
[WhiteClock "0:01:47"]
[BlackClock "0:00:01"]

1. e4 d6 2. d4 Nf6 3. Nc3 e5 4. f3 c6 5. Bc4 Be7 6. Nge2 b5 7. Bb3 a6 8. Be3 exd4 9. Nxd4 c5 10. Ndxb5 axb5 11. Nxb5 Qa5+ 12. Nc3 O-O 13. O-O Ba6 14. Re1 Nc6 15. Nd5 Bd8 16. Bd2 Qb5 17. c4 Qb8 18. Bc3 Nxd5 19. Qxd5 Bb7 20. Qh5 Ne5 21. Rad1 Bf6 22. f4 Nd7 23. e5 g6 24. Qh3 Nxe5 25. fxe5 Bxe5 26. Bxe5 dxe5 27. Qg3 Qc7 28. Qxe5 Qb6 29. Rd6 Qa5 30. Red1 Rae8 31. Qg3 Rd8 32. h4 Rxd6 33. Rxd6 Re8 34. Kh2 1-0


[Site "https://www.chess.com"]